 Dungeon Crawl Stone Soup version 0.18.1-1-g2f07953 (webtiles) character file.

2072 unimpressed the Carver (level 9, -5/70 HPs)
             Began as a Minotaur Fighter on May 21, 2016.
             Was a Believer of Okawaru.
             Slain by a slime creature (12 damage)
             ... on level 7 of the Dungeon.
             The game lasted 00:10:48 (6434 turns).

unimpressed the Carver (Minotaur Fighter)           Turns: 6434, Time: 00:10:48

Health: -5/70      AC: 13    Str: 24    XL:     9   Next: 5%
Magic:  8/8        EV:  4    Int:  5    God:    Okawaru [**....]
Gold:   421        SH: 10    Dex: 12    Spells: 0 memorised, 8 levels left

rFire  . . .     SeeInvis .     a - +0 long sword
rCold  + . .     Gourm    .     v - +0 plate armour
rNeg   . . .     Faith    .     c - +0 shield
rPois  .         Spirit   .     (helmet restricted)
rElec  .         Dismiss  .     B - +0 cloak
rCorr  .         Reflect  .     A - +0 pair of gloves
SustAt .         Harm     .     (no boots)
MR     .....                    (no amulet)
Stlth  ..........               (no ring)
                                x - ring of protection from cold

@: not resistant to hostile enchantments, extremely unstealthy
A: retaliatory headbutt, horns 2, strong 1
a: Heroism, Renounce Religion


You were on level 7 of the Dungeon.
You worshipped Okawaru.
Okawaru was pleased with you.
You were hungry.

You visited 1 branch of the dungeon, and saw 8 of its levels.

You collected 421 gold pieces.

Inventory:

Hand Weapons
 a - a +0 long sword (weapon)
 G - the +6 dagger of Desperation {flame, rElec rC- MR++}
   (You found it on level 5 of the Dungeon)

   It has been specially enchanted to burn those struck by it, causing extra
   injury to most foes and up to half again as much damage against particularly
   susceptible opponents.
   It makes you vulnerable to cold.
   It insulates you from electricity.
   It affects your resistance to hostile enchantments.
 K - a +0 trident of protection
Missiles
 k - 7 javelins (quivered)
 E - 5 steel tomahawks
Armour
 c - a +0 shield (worn)
 v - a +0 plate armour (worn)
 A - a +0 pair of gloves (worn)
 B - a +0 cloak (worn)
Jewellery
 x - a ring of protection from cold (left hand)
Wands
 q - a wand of hasting (3/9)
 y - a wand of random effects (19/48)
Scrolls
 h - a scroll of teleportation {unknown}
 m - 5 scrolls of fog
 n - 2 scrolls of remove curse
 o - 7 scrolls of identify
 p - 2 scrolls of recharging {unknown}
 t - a scroll of noise {unknown}
 u - a scroll of immolation {unknown}
 w - a scroll of enchant armour {unknown}
 D - a scroll of random uselessness {unknown}
Potions
 d - a potion of might
 e - 4 potions of brilliance
 j - 2 potions of cure mutation
 r - 3 potions of curing
 z - a potion of lignification {unknown}
 C - a potion of invisibility {unknown}
 F - a potion of degeneration {unknown}
 H - 2 potions of mutation {unknown}
Books
 I - a book of Power

   Spells                             Type                      Level
   a - Fulminant Prism                Conjuration/Hexes            4
   b - Iskenderun's Mystic Blast      Conjuration                  4
   c - Venom Bolt                     Conjuration/Poison           5
   d - Bolt of Magma                  Conjuration/Fire/Earth       5
   e - Iron Shot                      Conjuration/Earth            6
   f - Orb of Destruction             Conjuration                  7
   g - Spellforged Servitor           Conjuration/Summoning        7
Comestibles
 f - 5 bread rations
 g - 5 meat rations
 i - 3 beef jerkies
 l - a royal jelly
 s - 9 fruits


   Skills:
 - Level 3.6 Fighting
 + Level 13.7 Long Blades
 - Level 3.6 Armour
 - Level 3.6 Shields


You had 8 spell levels left.
You didn't know any spells.

Dungeon Overview and Level Annotations

Branches:
Dungeon (8/15)             Temple (0/1) D:7
   Lair: D:8-11

Altars:
Okawaru

Shops:
D:4 :%   D:5 }


Innate Abilities, Weirdness & Mutations

You reflexively headbutt those who attack you in melee.
You have a pair of horns on your head.
Your muscles are strong. (Str +2)


Message History

Your headbutt misses the slime creature.
The slime creature is moderately wounded.
The large slime creature hits you but does no damage.
The slime creature hits you but does no damage.
You hit the slime creature but do no damage.
You headbutt the slime creature!
The slime creature is heavily wounded.
The large slime creature hits you but does no damage.
The slime creature hits you but does no damage.
You slash the slime creature!
The slime creature is heavily wounded.
The large slime creature hits you but does no damage.
The slime creature hits you.
* * * LOW HITPOINT WARNING * * *
You completely miss the slime creature.
The slime creature is heavily wounded.
The large slime creature hits you!
* * * LOW HITPOINT WARNING * * *
The slime creature hits you!
You die...

#.# ###.. #.#
#....
#.##########....
#.##............
#.##.#######.#..
#.##.# #.###
#.##.# #.#
#####.##.# #.#
#.J@J.##.# #.#
#.######.# #.#
#.#
#.#######.###
#.#
#............
#.#
#########..##
#.# #.......#
#.# #.#######
#.# #.# #.# #.#


You could see a large slime creature and a slime creature.

Vanquished Creatures
  Grinder (D:6)
  2 orc warriors (D:7)
  3 phantoms
  A sky beast (D:5)
  4 ogres
  A centaur (D:6)
  Blork the orc (D:6)
  A giant frog (D:6)
  A scorpion (D:6)
  2 crimson imps (D:6)
  A jelly (D:6)
  4 orc priests
  Crazy Yiuf (D:5)
  2 hounds (D:4)
  Ijyb (D:2)
  A giant frog skeleton (D:6)
  An iguana (D:8)
  An orc wizard (D:7)
  4 worker ants
  A hound skeleton (D:7)
  A worker ant zombie (D:5)
  9 adders
  2 shadow imps
  3 adder skeletons
  2 dart slugs (D:1)
  4 worms
  4 giant geckos
  9 orcs
  3 ball pythons
  2 giant cockroaches
  11 goblins
  4 hobgoblins
  14 jackals
  3 kobolds
  A quokka (D:3)
  4 bats
  3 giant newts
  A quokka skeleton (D:6)
  A quokka zombie (D:7)
  5 rats
120 creatures vanquished.

Vanquished Creatures (others)
  A bat (D:3)
1 creature vanquished.

Grand Total: 121 creatures vanquished

Notes
Turn   | Place    | Note
--------------------------------------------------------------
     0 | D:1      | unimpressed the Minotaur Fighter began the quest for the Orb.
     0 | D:1      | Reached XP level 1. HP: 19/19 MP: 0/0
   162 | D:1      | Reached skill level 3 in Long Blades
   313 | D:1      | Reached XP level 2. HP: 26/26 MP: 1/1
   686 | D:2      | Reached skill level 4 in Long Blades
   777 | D:2      | Reached XP level 3. HP: 24/31 MP: 2/2
  1125 | D:2      | Noticed Ijyb
  1159 | D:2      | Killed Ijyb
  1159 | D:2      | Reached skill level 5 in Long Blades
  1159 | D:2      | Reached XP level 4. HP: 36/39 MP: 3/3
  1517 | D:3      | Reached skill level 6 in Long Blades
  1522 | D:3      | Reached XP level 5. HP: 31/45 MP: 4/4
  2038 | D:4      | Reached skill level 7 in Long Blades
  2162 | D:4      | Noticed a phantom
  2206 | D:4      | Killed a phantom
  2206 | D:4      | Reached XP level 6. HP: 50/51 MP: 5/5
  2210 | D:4      | Found Heqatokk's Book Shop.
  2342 | D:4      | Reached skill level 8 in Long Blades
  2421 | D:4      | Found an iron altar of Okawaru.
  2437 | D:4      | Became a worshipper of Warmaster Okawaru
  2560 | D:4      | Found Ycruachi's Food Shoppe.
  2774 | D:5      | Entered Level 5 of the Dungeon
  2777 | D:5      | Gained mutation: Your muscles are strong. (Str +2) [potion of beneficial mutation]
  2870 | D:5      | Noticed Crazy Yiuf
  2876 | D:5      | Killed Crazy Yiuf
  2909 | D:5      | Found Gaos's Gadget Emporium.
  2919 | D:5      | Noticed a sky beast
  2929 | D:5      | Killed a sky beast
  2929 | D:5      | Reached skill level 9 in Long Blades
  3410 | D:6      | Reached XP level 7. HP: 57/57 MP: 6/6
  3647 | D:6      | Reached skill level 10 in Long Blades
  4229 | D:5      | Got a jewelled dagger
  4230 | D:5      | Identified the +6 dagger of Desperation {flame, rElec rC- MR++} (You found it on level 5 of the Dungeon)
  4255 | D:6      | Reached * piety under Okawaru
  4339 | D:6      | Noticed Grinder
  4414 | D:6      | Reached skill level 11 in Long Blades
  4427 | D:6      | Reached XP level 8. HP: 47/64 MP: 7/7
  4613 | D:6      | Killed Grinder
  4677 | D:6      | Reached skill level 12 in Long Blades
  4789 | D:6      | Noticed Blork the orc
  4798 | D:6      | Killed Blork the orc
  5039 | D:7      | Reached ** piety under Okawaru
  5322 | D:7      | Found a staircase to the Ecumenical Temple.
  5412 | D:7      | Reached skill level 13 in Long Blades
  6093 | D:8      | Reached XP level 9. HP: 70/70 MP: 8/8
  6434 | D:7      | Slain by a slime creature

Skill      XL: |  1  2  3  4  5  6  7  8 |
---------------+-------------------------+-----
Long Blades    | 3 4 5 6 7 9 11 13 | 13.7
Fighting       | |  3.6
Armour         | |  3.6
Shields        | |  3.6

Action                   |  1- 3 |  4- 6 |  7- 9 || total
-------------------------+-------+-------+-------++-------
Melee: Long sword        |    87 |   151 |    53 ||   291
       Headbutt          |    10 |    28 |    48 ||    86
       Dagger            |       |       |   150 ||   150
  Use: Scroll            |       |     9 |     1 ||    10
       Potion            |       |     1 |     5 ||     6
  Eat: Chunk             |     1 |     7 |     9 ||    17
Armor: Scale mail        |    40 |    36 |    29 ||   105
       Chain mail        |       |       |     8 ||     8
       Plate armour      |       |       |     9 ||     9
Dodge: Dodged            |    28 |    28 |    29 ||    85
Block: Shield            |    53 |    65 |    55 ||   173
